Map: Blackpink LE

Players

HEMORRHOIDS - Winner!

  • Race: Protoss Protoss
  • League: Diamond
  • Spawn Location: 1:00

Arasul

  • Race: Zerg Zerg
  • League: Diamond
  • Spawn Location: 7:00

VOD

Have the link to the VOD?

Description

Time

  • Played on: Dec. 14, 2017, 5:52 p.m.
  • Length: 14:21
Show
View Real Time Build Order
Export as new Build Order

HEMORRHOIDS Protoss - Winner!

Build Orders:  

Get SALT Encoding   

  12  0:02  Probe  
  13  0:14  Probe  
  14  0:23  Pylon  
  14  0:26  Probe  
  15  0:42  Forge  
  15  0:44  Probe  
  16  0:56  Probe  
  17  1:08  Probe  
  18  1:20  Probe  
  18  1:23  Gateway  
  18  1:24  Photon Cannon  
  19  1:26  Pylon  
  19  1:33  Assimilator, Probe  
  19  1:35  Assimilator  
  20  1:42  Pylon  
  20  1:52  Probe  
  21  2:02  Photon Cannon  
  21  2:05  Photon Cannon  
  21  2:16  Pylon  
  21  2:26  Photon Cannon  
  21  2:34  Probe  
  22  2:45  Photon Cannon  
  22  2:47  Probe (Chrono Boost)  
  23  2:58  Probe (Chrono Boost)  
  24  3:06  Photon Cannon  
  24  3:18  Cybernetics Core  
  24  3:22  Pylon  
  24  3:40  Zealot  
  26  3:55  Nexus  
  28  4:15  Assimilator  
  26  4:22  Pylon  
  26  4:24  Probe  
  26  4:25  Assimilator  
  26  4:30  Assimilator  
  25  4:42  Shield Battery  
  25  4:53  Stargate x2  
  25  5:00  Photon Cannon  
  25  5:13  Probe  
  26  5:26  Probe  
  27  5:29  Pylon  
  27  5:31  Shield Battery  
  27  5:35  Pylon  
  27  5:38  Probe  
  27  5:40  Photon Cannon  
  28  5:48  Void Ray  
  33  6:04  Probe (Chrono Boost)  
  34  6:20  Probe (Chrono Boost)  
  34  6:31  Void Ray (Chrono Boost)  
  38  6:35  Probe (Chrono Boost)  
  40  6:41  Probe (Chrono Boost)  
  42  6:49  Probe x2 (Chrono Boost)  
  42  6:52  Void Ray (Chrono Boost)  
  46  7:00  Assimilator  
  49  7:21  Pylon, Shield Battery  
  49  7:28  Photon Cannon  
  44  8:16  Photon Cannon  
  44  8:17  Stalker  
  44  8:18  Pylon  
  38  8:52  Stargate  
  38  8:54  Stargate  
  38  8:58  Stargate  
  38  8:59  Photon Cannon  
  38  9:00  Photon Cannon  
  38  9:02  Pylon  
  38  9:11  Nexus  
  25  9:44  Void Ray (Chrono Boost)  
  33  9:49  Void Ray (Chrono Boost)  
  33  9:51  Probe  
  34  10:13  Fleet Beacon  
  34  10:15  Probe  
  35  10:27  Probe  
  36  10:41  Assimilator  
  36  10:44  Assimilator  
  36  10:58  Tempest (Chrono Boost)  
  42  11:05  Tempest (Chrono Boost)  
  40  11:52  Probe  
  40  11:53  Probe  
  54  11:58  Tempest x2 (Chrono Boost)  
  54  12:09  Tempest (Chrono Boost)  
  54  12:13  Probe  
  61  12:45  Tempest  
  67  12:56  Pylon  
  61  13:36  Void Ray x2  
  60  13:52  Probe (Chrono Boost)  
  60  14:02  Probe (Chrono Boost)  
Show
View Real Time Build Order
Export as new Build Order

Arasul Zerg 

Build Orders: Pool First 

Get SALT Encoding   

  12  0:02  Drone  
  13  0:08  Drone  
  14  0:26  Spawning Pool  
  13  0:29  Drone  
  14  0:38  Overlord  
  14  0:57  Drone  
  15  1:11  Hatchery  
  14  1:13  Zergling x4  
  14  1:16  Zergling x2  
  17  1:27  Queen  
  17  1:32  Zergling x2  
  20  1:36  Drone  
  21  1:45  Overlord  
  21  1:56  Drone  
  21  2:11  Evolution Chamber  
  21  2:12  Drone  
  21  2:14  Extractor  
  20  2:17  Zergling x2  
  21  2:28  Zergling x2  
  23  2:30  Zergling x2  
  23  2:36  Zergling x6  
  26  2:41  Zergling x2  
  26  2:42  Zergling x2  
  28  2:44  Zergling x2  
  29  2:55  Zergling x4  
  30  3:07  Overlord  
  30  3:17  Hatchery  
  29  3:33  Zergling x6  
  32  3:52  Drone x2  
  33  4:08  Zergling x8  
  31  4:18  Spore Crawler, Baneling Nest  
  31  4:19  Drone  
  29  4:31  Drone  
  29  4:33  Drone  
  31  4:43  Drone x3  
  34  4:52  Queen  
  36  5:02  Baneling x4  
  36  5:03  Baneling  
  36  5:04  Baneling  
  36  5:06  Baneling  
  36  5:07  Baneling  
  36  5:27  Zergling x8  
  36  5:28  Zergling x4  
  35  5:40  Zergling x8  
  39  5:56  Zergling x8  
  43  6:07  Overlord x2  
  43  6:22  Overlord x2  
  43  6:36  Drone x4  
  43  6:37  Drone x3  
  50  6:53  Lair  
  50  6:54  Queen  
  50  6:58  Baneling  
  50  6:59  Baneling x3  
  52  7:06  Baneling x3  
  52  7:07  Baneling x3  
  52  7:08  Baneling  
  52  7:09  Baneling  
  52  7:10  Baneling  
  52  7:15  Drone x2  
  49  7:39  Spore Crawler  
  48  7:50  Queen  
  48  7:51  Spore Crawler  
  47  7:55  Queen  
  47  7:57  Spore Crawler  
  44  7:59  Spore Crawler  
  44  8:01  Drone x4  
  44  8:02  Spore Crawler, Extractor, Drone  
  45  8:33  Hatchery  
  44  8:57  Drone x4  
  44  9:01  Hatchery  
  44  9:02  Baneling x3  
  47  9:03  Baneling x2  
  47  9:18  Hydralisk Den  
  40  9:41  Drone  
  40  9:42  Drone x5  
  46  10:02  Queen  
  48  10:18  Hydralisk x2  
  52  10:23  Muscular Augments  
  52  10:33  Drone x5  
  57  10:45  Hydralisk x2  
  57  10:46  Hydralisk  
  57  10:48  Hydralisk  
  65  10:53  Overlord  
  65  10:58  Overlord  
  65  11:10  Metabolic Boost  
  65  11:13  Drone  
  50  11:42  Zergling x12  
  50  11:43  Zergling x12  
  50  11:44  Queen  
  50  11:45  Queen  
  66  12:01  Hydralisk x2  
  66  12:04  Hydralisk  
  72  12:08  Zerg Ground Armor Level 1  
  72  12:11  Drone  
  73  12:18  Overlord x2  
  73  12:19  Overlord x2  
  73  12:32  Drone  
  73  12:33  Extractor, Baneling x3  
  73  12:34  Baneling x4  
  62  13:00  Hydralisk  
  62  13:01  Hydralisk  
  62  13:02  Overlord x2  
  62  13:03  Overlord  
  62  13:12  Hydralisk  
  57  13:25  Drone x2  
  57  13:26  Drone x6  
  65  13:28  Extractor  
Tags
 
Add a new tag
Caveats
  • Supply blocks, unpowered buildings, or Contaminate may cause inaccurate times.
  • Supply counts are checked every 10 seconds.